 Dungeon Crawl Stone Soup version 0.27.0-1-g7a089689b8 (webtiles) character file.

Game seed: 10149547252235790015

39 ZARRMARR the Chopper (level 3, -7/33 HPs)
             Began as a Hill Orc Monk on Aug 5, 2021.
             Mangled by a gnoll (8 damage)
             ... on level 2 of the Dungeon.
             The game lasted 00:03:34 (1015 turns).

ZARRMARR the Chopper (Hill Orc Monk)                Turns: 1015, Time: 00:03:35

Health: -7/33      AC:  3    Str: 14    XL:     3   Next: 45%
Magic:  3/3        EV: 12    Int: 10    God:
Gold:   42         SH:  0    Dex: 13    Spells: 2/2 levels left

rFire    . . .     SeeInvis .   a - +0 hand axe
rCold    . . .     Faith    .   (no shield)
rNeg     . . .     Spirit   .   b - +0 robe
rPois    .         Reflect  .   (no helmet)
rElec    .         Harm     .   e - +0 cloak
rCorr    .         Rampage  .   (no gloves)
Will     .....                  (no boots)
Stlth    ++........             (no amulet)
HPRegen  0.11/turn              (no ring)
MPRegen  0.08/turn              (no ring)

@: no status effects
A: no striking features
a: no special abilities


You were on level 2 of the Dungeon.
You visited 1 branch of the dungeon, and saw 2 of its levels.

You collected 42 gold pieces.

Inventory:

Hand Weapons
 a - a +0 hand axe (weapon)
Missiles
 c - 72 stones
 f - 4 poisoned darts (quivered)
Armour
 b - a +0 robe (worn)
 e - a +0 cloak (worn)
Scrolls
 d - a scroll of magic mapping {unknown}
 h - a scroll of teleportation {unknown}
Potions
 g - a potion of curing {unknown}


   Skills:
 + Level 4.0 Fighting
 + Level 4.8 Axes
 + Level 0.9 Throwing
 + Level 2.7 Dodging
 + Level 1.6 Stealth


You had 2 spell levels left.
You didn't know any spells.
Your spell library was empty.

Dungeon Overview and Level Annotations

Branches:
Dungeon (2/15)

Altars:
Uskayaw


Message History

You hit the gnoll. The gnoll closely misses you.
The gnoll completely misses you.
You hit the gnoll but do no damage.
The gnoll is severely wounded.
You hit the gnoll. The gnoll barely misses you. The gnoll closely misses you.
The bat hits you but does no damage.
You closely miss the bat. The bat hits you but does no damage.
You hit the gnoll but do no damage.
The gnoll is severely wounded.
The gnoll hits you but does no damage.
You hit the gnoll.
The gnoll is severely wounded.
The gnoll hits you with a +0 club.
You barely miss the gnoll.
The gnoll is severely wounded.
The gnoll completely misses you.
You hit the gnoll.
You kill the gnoll!
The bat barely misses you. The bat closely misses you.
Your Fighting skill increases to level 4!
You hit the bat but do no damage. The bat hits you.
The gnoll hits you with a +0 flail.
You hit the gnoll.
The gnoll is severely wounded.
The gnoll hits you but does no damage.
You hit the gnoll.
The gnoll is severely wounded.
The gnoll hits you with a +0 flail!
* * * LOW HITPOINT WARNING * * *
You hit the gnoll but do no damage.
The gnoll is severely wounded.
The gnoll closely misses you.
Unknown command.
You hit the gnoll but do no damage.
The gnoll is severely wounded.
The gnoll closely misses you.
You hit the gnoll but do no damage.
The gnoll is severely wounded.
The gnoll hits you with a +0 flail!
You die...

## ... ####
...###### ...#
........####...##
..........@gb...#
.........###)...#
.........# .((.#
.......?.# ..(.#
.........######.#
#.######......#.#
....§........+ .
....§.#......# .
.............#.#


You could see a gnoll and a bat.

Vanquished Creatures
  2 gnolls (D:2)
  A dart slug (D:1)
  3 ball pythons
  2 bats (D:1)
  2 giant cockroaches (D:1)
  2 goblins (D:1)
  2 hobgoblins (D:1)
  A frilled lizard (D:1)
  2 kobolds (D:1)
  A rat (D:1)
18 creatures vanquished.

Notes
Turn   | Place    | Note
-------+----------+-------------------------------------------
     0 | D:1      | ZARRMARR the Hill Orc Monk began the quest for the Orb.
     0 | D:1      | Reached XP level 1. HP: 19/19 MP: 1/1
   238 | D:1      | Reached XP level 2. HP: 26/27 MP: 2/2
   873 | D:2      | Found a hide-covered altar of Uskayaw.
   982 | D:2      | Found a faded altar of an unknown god.
  1001 | D:2      | Reached XP level 3. HP: 21/33 MP: 3/3
  1012 | D:2      | HP: 1/33 [gnoll (9)]
  1015 | D:2      | Mangled by a gnoll

Illustrated notes

Levels and vault maps discovered:
D:1:      psy_arrival_terrarium, layout_rooms, chequers_decorated_corner,
          minmay_misc_feat_roman
D:2:      layout_basic, basic_altar, ebering_ecumenical_altar_mist

Skill      XL: |  1  2  3 |
---------------+----------+-----
Fighting       | 4 |  4.0
Axes           | |  4.8
Throwing       | |  0.9
Dodging        | |  2.7
Stealth        | |  1.6

Action                   || total
-------------------------++-------
Melee: Hand axe          ||    52
Throw: Stone             ||    24
       Dart              ||    18
  Use: Scroll            ||     1
Armor: Robe              ||    18
Dodge: Dodged            ||    39
